 Dungeon Crawl Stone Soup version 0.24.0-125-gc4c63601f3 (webtiles) character file.

Game seed: 2730374999146563149, levelgen mode: deterministic

24 Descartes the Magician (level 2, 0/15 HPs)
             Began as a Deep Elf Air Elementalist on Mar 13, 2020.
             Slain by an adder (1 damage)
             ... on level 2 of the Dungeon.
             The game lasted 00:05:25 (1020 turns).

Descartes the Magician (Deep Elf Air Elementalist)  Turns: 1020, Time: 00:05:26

Health: 0/15       AC:  5    Str:  5    XL:     2   Next: 79%
Magic:  0/8        EV: 10    Int: 19    God:
Gold:   80         SH:  0    Dex: 15    Spells: 6/7 levels left

rFire    . . .     SeeInvis .   b - +0 short sword
rCold    . . .     Gourm    .   (no shield)
rNeg     . . .     Faith    .   e - +0 ring mail (curse)
rPois    .         Spirit   .   (no helmet)
rElec    .         Reflect  .   (no cloak)
rCorr    .         Harm     .   (no gloves)
MR       .....                  (no boots)
Stlth    ++........             (no amulet)
HPRegen  0.05/turn              (no ring)
MPRegen  0.11/turn              (no ring)

@: very slightly contaminated
A: no striking features
a: no special abilities


You were on level 2 of the Dungeon.
You were not hungry.

You visited 1 branch of the dungeon, and saw 2 of its levels.

You collected 80 gold pieces.

Inventory:

Hand Weapons
 b - a +0 short sword (weapon)
Missiles
 f - 60 stones (quivered)
Armour
 a - a +0 robe
 e - a cursed +0 ring mail (worn)
Scrolls
 g - a scroll of immolation {unknown}
 h - a scroll of teleportation
 i - a scroll of remove curse {unknown}
Comestibles
 c - 3 rations
 d - 2 chunks of flesh


   Skills:
 + Level 0.2 Armour
 + Level 2.7 Dodging
 + Level 3.0 Stealth
 + Level 3.4 Spellcasting
 + Level 1.6 Conjurations
 + Level 3.1 Air Magic


You had 6 spell levels left.
You knew the following spells:

 Your Spells              Type           Power        Failure   Level  Hunger
a - Shock                 Conj/Air       ##..         26%         1    None

Your spell library contained the following spells:

 Spells                   Type           Power        Failure   Level  Hunger
 Swiftness                Chrm/Air       #.......     50%         2    ##.....
 Static Discharge         Conj/Air       ##......     61%         3    ###....
 Airstrike                Air            ###.......   88%         4    ####...
 Lightning Bolt           Conj/Air       ##........   100%        5    ######.


Dungeon Overview and Level Annotations

Branches:
Dungeon (2/15)

Altars:


Message History

You miss the adder.
The adder is moderately wounded.
The adder closely misses you. The adder barely misses you.
You closely miss the adder.
The adder is moderately wounded.
The adder barely misses you.
You miss the adder.
The adder is moderately wounded.
The adder closely misses you.
You hit the adder.
The adder is moderately wounded.
The adder bites you but does no damage. The adder bites you.
* * * LOW HITPOINT WARNING * * *
Casting: Shock (safe; 26% risk of failure)
Confirm with . or Enter, or press ? or * to list all spells.
Aiming: Shock (safe; 26% risk of failure)
Press: ? - help, Shift-Dir - straight line, f/p - adder
Aim: an adder (moderately wounded)
You miscast Shock.
The wind howls around you! The adder bites you.
You die...

.. #.. #.† #.# ..
#.# # .#####.## #..
.. ......... #.#
##...
........###.###...#
.<........#.......
.....#@#.#...######
......S...÷.........
#######..÷#.########
#...#.# #...#.#
###### #...#.#
.#..... #...#.#
###.#.#.. ##..#.#
#...#.#.##
#..#.###.#.#..<..


You could see an adder.

Vanquished Creatures
  A dart slug (D:2)
  A leopard gecko (D:1)
  4 bats
  A goblin (D:1)
  5 hobgoblins (D:1)
  3 jackals (D:1)
  A kobold (D:2)
  A frilled lizard (D:1)
  2 rats
19 creatures vanquished.

Notes
Turn   | Place    | Note
-------+----------+-------------------------------------------
     0 | D:1      | Descartes the Deep Elf Air Elementalist began the quest for
                  | the Orb.
     0 | D:1      | Reached XP level 1. HP: 10/10 MP: 6/6
   466 | D:1      | Reached XP level 2. HP: 15/15 MP: 0/8
  1020 | D:2      | Slain by an adder

Levels and vault maps discovered:
D:1:      scummos_arrival_checkerplants, layout_loops_ring, grunt_decor_clamped
D:2:      layout_basic, chequers_ecumenical_altar_lobes

Skill      XL: |  1  2 |
---------------+-------+-----
Stealth        | 3 |  3.0
Armour         | |  0.2
Dodging        | |  2.7
Spellcasting   | |  3.4
Conjurations   | |  1.6
Air Magic      | |  3.1

Action                   || total
-------------------------++-------
Melee: Short sword       ||    12
 Cast: Shock             ||    35
  Use: Scroll            ||     1
Armor: Ring mail         ||    11
Dodge: Dodged            ||    11
